 Dungeon Crawl Stone Soup version 0.31.0-1-g2c135a0 (webtiles) character file.

Game seed: 9881779060591331409

3 jagoly the Trooper (level 1, -1/14 HPs)
             Began as a Gargoyle Monk on Feb 2, 2024.
             Frozen to death by an endoplasm (5 damage)
             ... on level 1 of the Dungeon.
             The game lasted 00:00:43 (105 turns).

jagoly the Trooper (Gargoyle Monk)                   Turns: 105, Time: 00:00:44

Health: -1/14      AC:  4    Str: 14    XL:     1   Next: 50%
Magic:  1/1        EV: 12    Int: 10    God:
Gold:   8          SH:  0    Dex: 12    Spells: 0/0 levels left

rFire   . . .        a - +0 hand axe
rCold   . . .        d - orb {light}
rNeg    + . .        b - +0 robe
rPois   ∞            (no helmet)
rElec   +            (no cloak)
rCorr   .            (no gloves)
SInv    .            (no boots)
Will    .....        (no amulet)
Stlth   +            (no ring)
HPRegen 0.22/turn    (no ring)
MPRegen 0.07/turn

%: no passive effects
@: glowing
A: sickness immunity, AC +2, negative energy resistance 1, electricity
resistance, torment resistance 1, petrification resistance
a: no special abilities


You were on level 1 of the Dungeon.
You visited 1 branch of the dungeon, and saw 1 of its levels.

You collected 8 gold pieces.

Inventory:

Hand Weapons
 a - a +0 hand axe (weapon)
Missiles
 f - 4 stones (quivered)
Armour
 b - a +0 robe (worn)
 d - an orb of light (worn)
Potions
 c - a potion of ambrosia
 e - a potion of curing {unknown}


   Skills:
 + Level 3.3 Fighting
 * Level 2.8 Axes
 + Level 0.2 Armour
 + Level 2.4 Dodging


You couldn't memorise any spells.
You didn't know any spells.
Your spell library was empty.

Dungeon Overview and Level Annotations

Branches:
Dungeon (1/15) Zot: 5888

Altars:


Innate Abilities, Weirdness & Mutations

You are immune to sickness and miasma.
Your stone body is resilient. (AC +2)
You are immune to poison.
You resist negative energy. (rN+)
You are resistant to electric shocks. (rElec)
You are resistant to unholy torment.
You are immune to petrification.


Message History

Welcome, jagoly the Gargoyle Monk.
The Orb of Zot is coveted for many reasons.
Will you seize it for your own?
Press ? for a list of commands and other information.
Found 8 gold pieces and an inky potion.
Found a staircase leading out of the dungeon.
Adjust (i)tems, (s)pells, or (a)bilities?
Huh?
Unknown command.
You enter the shallow water.
Moving in this stuff is going to be slow.
You enter the shallow water.
Moving in this stuff is going to be slow.
You now have 8 gold pieces.
e - an inky potion You enter the shallow water.
Moving in this stuff is going to be slow.
Why would you want to do that?
A quokka comes into view.
You closely miss the quokka. The quokka bites you.
You hit the quokka but do no damage. The quokka bites you.
The quokka barely misses you.
You hit the quokka.
The quokka is severely wounded.
The quokka bites you but does no damage.
You closely miss the quokka.
The quokka is severely wounded.
The quokka misses you. The quokka barely misses you.
You hit the quokka.
You kill the quokka!
No target in view!
No target in view!
HP restored.
HP restored.
You open the door.
There is an open door here.
Why would you want to do that?
A rat comes into view.
The rat squeaks loudly.
You hear a shout! x2
The rat moves out of view. 2 rats come into view.
Found a ring mail.
The rat squeaks loudly.
The rat misses you.
You hit the rat.
The rat is severely wounded.
The rat misses you.
You hit the rat.
You kill the rat!
A kobold comes into view. It is wielding a +0 short sword.
You barely miss the rat. The rat barely misses you.
The rat completely misses you.
You barely miss the rat. The rat closely misses you.
You hit the rat.
You kill the rat!
The kobold throws a stone.
The stone barely misses you. The kobold barely misses you.
You hit the kobold.
The kobold is severely wounded.
The kobold hits you with a +0 short sword.
You slash the kobold!
You kill the kobold!
No target in view!
A hobgoblin comes into view.
Things that are here:
a +0 short sword; 4 stones; a kobold corpse
f - 4 stones The hobgoblin shouts!
A hobgoblin is nearby!
An endoplasm comes into view.
The endoplasm quivers.
The hobgoblin barely misses you.
You hit the hobgoblin.
The hobgoblin is heavily wounded.
The hobgoblin hits you.
You hit the hobgoblin.
The hobgoblin is severely wounded.
You hit the endoplasm. The endoplasm misses you. The hobgoblin hits you.
You hit the hobgoblin but do no damage.
The hobgoblin is severely wounded.
You hit the endoplasm but do no damage. The endoplasm closely misses you.
The hobgoblin hits you.
* * * LOW HITPOINT WARNING * * *
You are too injured to fight recklessly!
You are too injured to fight recklessly!
You hit the endoplasm but do no damage.
The endoplasm is lightly wounded.
You hit the hobgoblin but do no damage. The endoplasm closely misses you.
The hobgoblin closely misses you. The hobgoblin barely misses you.
The endoplasm freezes you.
You are frozen.
* * * LOW HITPOINT WARNING * * *
You hit the endoplasm.
The endoplasm is heavily wounded.
You hit the hobgoblin but do no damage. The hobgoblin misses you.
The endoplasm freezes you.
You are frozen.
* * * LOW HITPOINT WARNING * * *
You hit the endoplasm.
The endoplasm is almost dead.
You hit the hobgoblin but do no damage. The hobgoblin closely misses you.
The endoplasm freezes you.
You are frozen.
You die...

#.# #.# . # #.###
#..## . # #...###
#..# ###.
#####...# ##.# #..
....###.####.###.#
###..........).#.#
# #####.#####....#
. #..# ##...### .
##.# #..@..# # .#
##gJ#.# .# #....#
.. .[... . .......
#........
#.......##
.......##


You could see an endoplasm and a hobgoblin.

Vanquished Creatures
  A quokka (D:1)
  A kobold (D:1)
  2 rats (D:1)
4 creatures vanquished.

Notes
Turn   | Place    | Note
-------+----------+-------------------------------------------
     0 | D:1      | jagoly the Gargoyle Monk began the quest for the Orb.
     0 | D:1      | Reached XP level 1. HP: 14/14 MP: 1/1
   105 | D:1      | Frozen to death by an endoplasm

Illustrated notes

Levels and vault maps discovered:
D:1:      dpeg_arrival_more_subterranean_lakeside_camping, layout_rooms,
          dreamdust_ecumenical_altar_grove, corexii_corridor_pit

Action                     || total
---------------------------++-------
  Melee: Hand axe          ||    18
 Armour: Robe              ||     7
  Dodge: Dodged            ||    18
